| TOP OF THE 1ST |
|
Sacramento River Cats batting - Pitching for New Orleans Zephyrs : LHP Nick Gore
|
|
Pitching: LHP Nick Gore
|
|
|
Batting: LHB Mason Duffy
|
0-0: Ball 1-0: Called Strike 1-1: Ball 2-1: Fly out, F7 (Flyball, 78S, EV 81.9 MPH)
|
|
Batting: RHB Brian Rogers
|
0-0: Called Strike 0-1: Ball 1-1: Reached on error, E7 (Flyball, 7LM, EV 91.2 MPH)
|
|
Batting: RHB Troy Trice
|
0-0: Called Strike 0-1: Called Strike 0-2: Foul Ball, location: 2F 0-2: Ball 1-2: Ball 2-2: Ball 3-2: Strikes out looking
|
|
Batting: RHB Hugo Zacarias
|
0-0: Called Strike 0-1: Ball 1-1: Ball 2-1: Ball 3-1: Foul Ball, location: 2F 3-2: SINGLE (Line Drive, 89M, EV 86.2 MPH) Brian Rogers to third Runner from 3rd tries for Home, SAFE, throw by RF to home
|
|
Batting: LHB Kevin Kantor
|
0-0: Ball Wild Pitch! Hugo Zacarias to second 1-0: Called Strike 1-1: Ball 2-1: Ball 3-1: SINGLE (Groundball, 34D, EV 103.1 MPH) Hugo Zacarias to third Runner from 3rd tries for Home, SAFE, throw by RF to home Kevin Kantor to second
|
|
Batting: RHB Nick Wicker
|
0-0: Swinging Strike 0-1: Called Strike 0-2: Strikes out swinging
|
| Top of the 1st over - 2 runs, 2 hits, 1 error, 1 left on base; Sacramento 2 - New Orleans 0 |
| BOTTOM OF THE 1ST |
|
New Orleans Zephyrs batting - Pitching for Sacramento River Cats : RHP Dave Crouch
|
|
Pitching: RHP Dave Crouch
|
|
|
Batting: LHB David Doge
|
0-0: Foul Ball, location: 2F 0-1: Ball 1-1: Called Strike 1-2: Ball 2-2: Ground out 3-1 (Groundball, 13, EV 82.5 MPH)
|
|
Batting: RHB Rick Fell
|
0-0: Ball 1-0: Ball 2-0: Called Strike 2-1: Ball 3-1: Foul Ball, location: 2F 3-2: Strikes out swinging
|
|
Batting: RHB Manuel Taveras
|
0-0: Called Strike 0-1: Called Strike 0-2: Foul Ball, location: 2F 0-2: Foul Ball, location: 2F 0-2: Ball 1-2: Strikes out swinging
|
| Bottom of the 1st over - 0 runs, 0 hits, 0 errors, 0 left on base; Sacramento 2 - New Orleans 0 |
| TOP OF THE 2ND |
|
Sacramento River Cats batting - Pitching for New Orleans Zephyrs : LHP Nick Gore
|
|
Batting: LHB Willie Ceniceros
|
0-0: Swinging Strike 0-1: Ball 1-1: Called Strike 1-2: Foul Ball, location: 2F 1-2: Ball 2-2: Strikes out looking
|
|
Batting: LHB Terry Ebersole
|
0-0: Ball 1-0: Fly out, F8 (Flyball, 8LS, EV 86.9 MPH)
|
|
Batting: RHB Dave Crouch
|
0-0: Ball 1-0: Called Strike 1-1: Ball 2-1: Foul Ball, location: 2F 2-2: Fly out, F6 (Line Drive, 6, EV 61.9 MPH)
|
| Top of the 2nd over - 0 runs, 0 hits, 0 errors, 0 left on base; Sacramento 2 - New Orleans 0 |
| BOTTOM OF THE 2ND |
|
New Orleans Zephyrs batting - Pitching for Sacramento River Cats : RHP Dave Crouch
|
|
Batting: RHB Adam McGurn
|
0-0: Ball 1-0: Foul Ball, location: 2F 1-1: Swinging Strike 1-2: Ground out 6-3 (Groundball, 6M, EV 85.0 MPH)
|
|
Batting: LHB Eric Bailey
|
0-0: Ball 1-0: Called Strike 1-1: Foul Ball, location: 2F 1-2: Ball 2-2: Foul Ball, location: 2F 2-2: Fly out, F7 (Flyball, 78M, EV 89.4 MPH)
|
|
Batting: RHB Orlando Landa
|
0-0: Called Strike 0-1: Ball 1-1: Foul Ball, location: 2F 1-2: Ball 2-2: Strikes out looking
|
| Bottom of the 2nd over - 0 runs, 0 hits, 0 errors, 0 left on base; Sacramento 2 - New Orleans 0 |
| TOP OF THE 3RD |
|
Sacramento River Cats batting - Pitching for New Orleans Zephyrs : LHP Nick Gore
|
|
Batting: LHB Mason Duffy
|
0-0: Ball 1-0: DOUBLE (Line Drive, 89D, EV 110.6 MPH)
|
|
Batting: RHB Brian Rogers
|
0-0: Called Strike 0-1: Ball 1-1: SINGLE (Groundball, 4D, EV 103.1 MPH) Mason Duffy to third Runner from 3rd tries for Home, SAFE, throw by CF to home Brian Rogers to second
|
|
Batting: RHB Troy Trice
|
0-0: Called Strike 0-1: Ball 1-1: SINGLE (Groundball, 34S, EV 71.9 MPH) (infield hit) Brian Rogers to third
|
|
Batting: RHB Hugo Zacarias
|
0-0: Fly out, F8 (Flyball, 8LXD, EV 95.6 MPH) Runner from 3rd tags up, SCORES, no throw by CF
|
|
Batting: LHB Kevin Kantor
|
0-0: Ball 1-0: Called Strike 1-1: Swinging Strike 1-2: Ball Passed Ball! Troy Trice to second 2-2: Strikes out swinging
|
|
Batting: RHB Nick Wicker
|
0-0: Ball 1-0: Ball Wild Pitch! Troy Trice to third 2-0: Called Strike 2-1: Ball 3-1: Base on Balls
|
|
Batting: LHB Willie Ceniceros
|
0-0: Ball 1-0: Called Strike 1-1: Called Strike 1-2: Foul Ball, location: 2F 1-2: Ball 2-2: Foul Ball, location: 2F 2-2: Foul Ball, location: 2F 2-2: Fly out, F5 (Popup, 6, EV 67.5 MPH)
|
| Top of the 3rd over - 2 runs, 3 hits, 0 errors, 2 left on base; Sacramento 4 - New Orleans 0 |
| BOTTOM OF THE 3RD |
|
New Orleans Zephyrs batting - Pitching for Sacramento River Cats : RHP Dave Crouch
|
|
Batting: RHB Torquato Obawole
|
0-0: Hit by Pitch
|
|
Batting: RHB Masumitsu Sugiura
|
0-0: Ball 1-0: Foul Ball, location: 2F 1-1: Ball 2-1: Ball 3-1: Grounds into double play, 4-6-3 (Groundball, 4, EV 83.8 MPH)
|
|
Batting: RHB John Jackson
|
0-0: Foul Ball, location: 2F 0-1: SINGLE (Groundball, 56D, EV 103.8 MPH)
|
|
Batting: LHB David Doge
|
0-0: Called Strike 0-1: Foul Ball, location: 2F 0-2: Ball 1-2: Foul Ball, location: 2F 1-2: Ball 2-2: Ball 3-2: Fly out, F3 (Popup, 3S, EV 69.4 MPH)
|
| Bottom of the 3rd over - 0 runs, 1 hit, 0 errors, 1 left on base; Sacramento 4 - New Orleans 0 |
| TOP OF THE 4TH |
|
Sacramento River Cats batting - Pitching for New Orleans Zephyrs : LHP Nick Gore
|
|
Batting: LHB Terry Ebersole
|
0-0: SINGLE (Groundball, 5D, EV 98.1 MPH)
|
|
Batting: RHB Dave Crouch
|
0-0: Ball 1-0: Foul Ball, location: 2F 1-1: Foul Ball, location: 2F 1-2: DOUBLE (Line Drive, 7LM, EV 113.8 MPH) Terry Ebersole to third Runner from 3rd tries for Home, SAFE, throw by LF to home
|
|
Pitching: RHP Alberto Negrete
|
|
|
Batting: LHB Mason Duffy
|
0-0: Ball 1-0: Swinging Strike 1-1: Foul Ball, location: 2F 1-2: Ball 2-2: Foul Ball, location: 2F 2-2: Ball 3-2: Ground out 4-3 (Groundball, 34D, EV 85.0 MPH) Dave Crouch to third
|
|
Batting: RHB Brian Rogers
|
0-0: Ball 1-0: Swinging Strike 1-1: Foul Ball, location: 2F 1-2: Ball 2-2: Foul Ball, location: 2F 2-2: Strikes out swinging
|
|
Batting: RHB Troy Trice
|
0-0: Called Strike 0-1: Foul Ball, location: 2F 0-2: Ball 1-2: Strikes out looking
|
| Top of the 4th over - 1 run, 2 hits, 0 errors, 1 left on base; Sacramento 5 - New Orleans 0 |
| BOTTOM OF THE 4TH |
|
New Orleans Zephyrs batting - Pitching for Sacramento River Cats : RHP Dave Crouch
|
|
Batting: RHB Rick Fell
|
0-0: SINGLE (Groundball, 6D, EV 98.1 MPH)
|
|
Batting: RHB Manuel Taveras
|
0-0: Called Strike 0-1: Swinging Strike 0-2: Ball 1-2: Strikes out swinging
|
|
Batting: RHB Adam McGurn
|
0-0: Ball 1-0: Foul Ball, location: 2F 1-1: Called Strike 1-2: Ball 2-2: Fielders Choice at 2nd, 5-4 (Groundball, 56, EV 102.5 MPH)
|
|
Batting: LHB Eric Bailey
|
0-0: Ball 1-0: Swinging Strike 1-1: Swinging Strike 1-2: Ground out 4-3 (Groundball, 34, EV 96.9 MPH)
|
| Bottom of the 4th over - 0 runs, 1 hit, 0 errors, 1 left on base; Sacramento 5 - New Orleans 0 |
| TOP OF THE 5TH |
|
Sacramento River Cats batting - Pitching for New Orleans Zephyrs : RHP Alberto Negrete
|
|
Batting: RHB Hugo Zacarias
|
0-0: Swinging Strike 0-1: Foul Ball, location: 2F 0-2: Ball 1-2: Ball 2-2: Ball 3-2: Foul Ball, location: 2F 3-2: Base on Balls
|
|
Batting: LHB Kevin Kantor
|
0-0: Called Strike 0-1: Foul Ball, location: 2F 0-2: Ball Wild Pitch! Hugo Zacarias to second 1-2: Ground out U3 (Groundball, 34S, EV 88.1 MPH) Hugo Zacarias to third
|
|
Batting: RHB Nick Wicker
|
0-0: Called Strike 0-1: Ball 1-1: Called Strike 1-2: Foul Ball, location: 2F 1-2: Foul Ball, location: 2F 1-2: DOUBLE (Line Drive, 89D, EV 106.2 MPH) Hugo Zacarias scores
|
|
Batting: LHB Willie Ceniceros
|
0-0: Ball 1-0: Ball 2-0: Foul Ball, location: 2F 2-1: Ball 3-1: Called Strike 3-2: Fly out, F8 (Flyball, 8RD, EV 90.6 MPH) Runner from 2nd tags up, SAFE at 3rd with throw by CF
|
|
Batting: LHB Terry Ebersole
|
0-0: Ground out 6-3 (Groundball, 6, EV 82.5 MPH)
|
| Top of the 5th over - 1 run, 1 hit, 0 errors, 1 left on base; Sacramento 6 - New Orleans 0 |
| BOTTOM OF THE 5TH |
|
New Orleans Zephyrs batting - Pitching for Sacramento River Cats : RHP Dave Crouch
|
|
Batting: RHB Orlando Landa
|
0-0: Fly out, F9 (Flyball, 9D, EV 101.9 MPH)
|
|
Batting: RHB Torquato Obawole
|
0-0: Ground out 4-3 (Groundball, 4, EV 80.0 MPH)
|
|
Batting: RHB Masumitsu Sugiura
|
0-0: Ball 1-0: Ball 2-0: SINGLE (Groundball, 56D, EV 95.0 MPH)
|
|
Batting: RHB John Jackson
|
0-0: Called Strike 0-1: Fielders Choice at 2nd, 5-4 (Groundball, 56, EV 82.5 MPH)
|
| Bottom of the 5th over - 0 runs, 1 hit, 0 errors, 1 left on base; Sacramento 6 - New Orleans 0 |
| TOP OF THE 6TH |
|
Sacramento River Cats batting - Pitching for New Orleans Zephyrs : RHP Alberto Negrete
|
|
Batting: RHB Dave Crouch
|
0-0: Called Strike 0-1: Foul Ball, location: 2F 0-2: Strikes out swinging
|
|
Batting: LHB Mason Duffy
|
0-0: Called Strike 0-1: Ball 1-1: Ground out 4-3 (Groundball, 34, EV 103.8 MPH)
|
|
Batting: RHB Brian Rogers
|
0-0: Ball 1-0: Foul Ball, location: 2F 1-1: Ground out 1-3 (Groundball, P, EV 70.6 MPH)
|
| Top of the 6th over - 0 runs, 0 hits, 0 errors, 0 left on base; Sacramento 6 - New Orleans 0 |
| BOTTOM OF THE 6TH |
|
New Orleans Zephyrs batting - Pitching for Sacramento River Cats : RHP Dave Crouch
|
|
Batting: LHB David Doge
|
0-0: Ball 1-0: Called Strike 1-1: Ball 2-1: Fly out, F6 (Popup, 6MD, EV 46.9 MPH)
|
|
Batting: RHB Rick Fell
|
0-0: Ball 1-0: Foul Ball, location: 2F 1-1: Called Strike 1-2: SINGLE (Groundball, 34S, EV 70.0 MPH) (infield hit)
|
|
Batting: RHB Manuel Taveras
|
0-0: Foul Ball, location: 2F 0-1: Ball 1-1: Fly out, F9 (Flyball, 9, EV 97.5 MPH)
|
|
Batting: RHB Adam McGurn
|
0-0: Ball 1-0: Ball 2-0: Ball 3-0: Called Strike 3-1: Base on Balls Rick Fell to second
|
|
Batting: LHB Eric Bailey
|
0-0: Called Strike 0-1: Ball 1-1: Ground out U3 (Groundball, 3L, EV 98.1 MPH)
|
| Bottom of the 6th over - 0 runs, 1 hit, 0 errors, 2 left on base; Sacramento 6 - New Orleans 0 |
| TOP OF THE 7TH |
|
Sacramento River Cats batting - Pitching for New Orleans Zephyrs : RHP Alberto Negrete
|
|
Batting: RHB Troy Trice
|
0-0: Called Strike 0-1: Called Strike 0-2: Ball 1-2: Ball 2-2: Foul Ball, location: 2F 2-2: Fly out, F4 (Popup, 3S, EV 85.0 MPH)
|
|
Batting: RHB Hugo Zacarias
|
0-0: Ball 1-0: Ground out 6-3 (Groundball, 6, EV 90.6 MPH)
|
|
Batting: LHB Kevin Kantor
|
0-0: Ball 1-0: Ball 2-0: Ground out 4-3 (Groundball, 34, EV 110.6 MPH)
|
| Top of the 7th over - 0 runs, 0 hits, 0 errors, 0 left on base; Sacramento 6 - New Orleans 0 |
| BOTTOM OF THE 7TH |
|
New Orleans Zephyrs batting - Pitching for Sacramento River Cats : RHP Dave Crouch
|
|
Batting: RHB Orlando Landa
|
0-0: Ball 1-0: SINGLE (Groundball, 4M, EV 103.8 MPH) (infield hit)
|
|
Batting: RHB Torquato Obawole
|
0-0: Ball 1-0: Called Strike 1-1: SINGLE (Groundball, 3D, EV 94.4 MPH) Orlando Landa to second Runner from 2nd tries for 3rd, SAFE, throw by RF made to third Torquato Obawole to second
|
|
Batting: RHB Masumitsu Sugiura
|
0-0: Swinging Strike 0-1: Ball 1-1: Swinging Strike 1-2: Strikes out looking
|
|
Pitching: RHP Jim Sprayberry
|
|
|
Batting: RHB John Jackson
|
0-0: Ball Wild Pitch! Orlando Landa scores Torquato Obawole to third 1-0: Called Strike 1-1: Called Strike 1-2: Ball 2-2: Ball 3-2: Ground out 6-3 (Groundball, 6, EV 78.1 MPH) Torquato Obawole scores
|
|
Batting: LHB David Doge
|
0-0: Foul Ball, location: 2F 0-1: Ball 1-1: Ball 2-1: Foul Ball, location: 2F 2-2: Fly out, F7 (Line Drive, 7S, EV 91.2 MPH)
|
| Bottom of the 7th over - 2 runs, 2 hits, 0 errors, 0 left on base; Sacramento 6 - New Orleans 2 |
| TOP OF THE 8TH |
|
Sacramento River Cats batting - Pitching for New Orleans Zephyrs : RHP Alberto Negrete
|
|
Pitching: RHP Giampaolo Nobile
|
|
|
Batting: RHB Nick Wicker
|
0-0: Swinging Strike 0-1: Ball 1-1: Foul Ball, location: 2F 1-2: Strikes out swinging
|
|
Batting: LHB Willie Ceniceros
|
0-0: Ball 1-0: Foul Ball, location: 2F 1-1: Swinging Strike 1-2: Strikes out swinging
|
|
Batting: LHB Terry Ebersole
|
0-0: Ball 1-0: Ground out 4-3 (Groundball, 4, EV 79.4 MPH)
|
| Top of the 8th over - 0 runs, 0 hits, 0 errors, 0 left on base; Sacramento 6 - New Orleans 2 |
| BOTTOM OF THE 8TH |
|
New Orleans Zephyrs batting - Pitching for Sacramento River Cats : RHP Jim Sprayberry
|
|
Batting: RHB Rick Fell
|
0-0: Foul Ball, location: 2F 0-1: Swinging Strike 0-2: Ball 1-2: Strikes out swinging
|
|
Batting: RHB Manuel Taveras
|
0-0: Swinging Strike 0-1: Foul Ball, location: 2F 0-2: Ball 1-2: Strikes out swinging
|
|
Batting: RHB Adam McGurn
|
0-0: Ball 1-0: Foul Ball, location: 2F 1-1: Ball 2-1: Foul Ball, location: 2F 2-2: SINGLE (Flyball, 4D, EV 91.2 MPH)
|
|
Batting: LHB Eric Bailey
|
0-0: Called Strike 0-1: Called Strike 0-2: Ball 1-2: Ball 2-2: Foul Ball, location: 2F 2-2: Ball 3-2: Base on Balls Adam McGurn to second
|
|
Batting: RHB Orlando Landa
|
0-0: SINGLE (Line Drive, 4M, EV 103.8 MPH) Adam McGurn to third Eric Bailey to second Runner from 3rd tries for Home, SAFE, throw by CF to home
|
|
Pitching: LHP Adam Ody
|
|
|
Batting: RHB Torquato Obawole
|
0-0: Ball 1-0: Fly out, F7 (Flyball, 7LM, EV 98.8 MPH)
|
| Bottom of the 8th over - 1 run, 2 hits, 0 errors, 2 left on base; Sacramento 6 - New Orleans 3 |
| TOP OF THE 9TH |
|
Sacramento River Cats batting - Pitching for New Orleans Zephyrs : RHP Giampaolo Nobile
|
|
Pitching: RHP J.P. Wilson
|
|
|
Batting: LHB Jared Paige
|
0-0: Called Strike 0-1: Ball 1-1: Foul Ball, location: 2F 1-2: Fly out, F6 (Popup, 6, EV 80.6 MPH)
|
|
Batting: LHB Mason Duffy
|
0-0: Ball 1-0: Ball 2-0: Called Strike 2-1: Ball 3-1: Called Strike 3-2: Foul Ball, location: 2F 3-2: Base on Balls
|
|
Batting: RHB Brian Rogers
|
0-0: Ball 1-0: Ball 2-0: Called Strike 2-1: Ball Wild Pitch! Mason Duffy to second 3-1: Foul Ball, location: 2F 3-2: Base on Balls
|
|
Batting: RHB Troy Trice
|
0-0: Hit by Pitch Mason Duffy to third Brian Rogers to second
|
|
Batting: RHB Hugo Zacarias
|
0-0: Ball 1-0: Grounds into fielders choice 3-2 (Groundball, 34S, EV 74.4 MPH) Brian Rogers to third Troy Trice to second
|
|
Batting: LHB Kevin Kantor
|
0-0: Foul Ball, location: 2F 0-1: Fly out, F7 (Flyball, 78M, EV 88.1 MPH)
|
| Top of the 9th over - 0 runs, 0 hits, 0 errors, 3 left on base; Sacramento 6 - New Orleans 3 |
| BOTTOM OF THE 9TH |
|
New Orleans Zephyrs batting - Pitching for Sacramento River Cats : LHP Adam Ody
|
|
Pitching: RHP Jay Kouns
|
|
|
Batting: RHB Masumitsu Sugiura
|
0-0: Ball 1-0: Foul Ball, location: 2F 1-1: Ball 2-1: Called Strike 2-2: SINGLE (Groundball, 13S, EV 71.9 MPH) (infield hit)
|
|
Pinch Hitting: RHB Isaiah Brockman
|
0-0: Swinging Strike 0-1: Foul Ball, location: 2F 0-2: Foul Ball, location: 2F 0-2: Strikes out swinging
|
|
Batting: LHB David Doge
|
0-0: Ball 1-0: Called Strike 1-1: Ball 2-1: Fielders Choice at 2nd, 4-6 (Groundball, 4, EV 101.9 MPH)
|
|
Batting: RHB Rick Fell
|
0-0: Called Strike 0-1: Fielders Choice at 2nd, 5-4 (Groundball, 56, EV 103.1 MPH)
|
| Bottom of the 9th over - 0 runs, 1 hit, 0 errors, 1 left on base; Sacramento 6 - New Orleans 3 |
|